 Dungeon Crawl Stone Soup version 0.19-a0-1218-gcd7aee6 (webtiles) character file.

300 MrRokkomies the Chucker (level 6, 55/55 HPs)
             Began as a Troll Hunter on Aug 24, 2016.
             Was a Follower of Elyvilon.
             Quit the game on level 3 of the Dungeon.
             The game lasted 00:03:51 (1457 turns).

MrRokkomies the Chucker (Troll Hunter)              Turns: 1457, Time: 00:03:52

Health: 55/55      AC:  6    Str: 23    XL:     6   Next: 13%
Magic:  5/5        EV: 10    Int:  9    God:    Elyvilon [*.....]
Gold:   53         SH:  0    Dex: 12    Spells: 0 memorised, 5 levels left

rFire  . . .     SeeInvis .       - Unarmed
rCold  . . .     Gourm    +     b - +1 robe
rNeg   . . .     Faith    .     (no shield)
rPois  .         Spirit   .     (helmet restricted)
rElec  .         Dismiss  +     (no cloak)
rCorr  .         Reflect  .     (gloves unavailable)
MR     .....     Harm     .     (boots unavailable)
Stlth  +.........               k - amulet of dismissal
                                (no ring)
                                (no ring)

@: no status effects
A: unfitting armour, claws 3, clever 1, fast metabolism 3, gourmand,
regeneration 1, screaming 1, shaggy fur 1, strong 1, tough skin 2
a: Lesser Healing, Divine Protection, Renounce Religion


You were on level 3 of the Dungeon.
You worshipped Elyvilon.
Elyvilon was aware of your devotion.
You were full.

You visited 1 branch of the dungeon, and saw 3 of its levels.

You collected 53 gold pieces.

Inventory:

Missiles
 c - 5 large rocks (quivered)
 d - 2 throwing nets
Armour
 b - a +1 robe (worn)
Jewellery
 k - an amulet of dismissal (around neck)
Scrolls
 e - a scroll of remove curse
 j - 2 scrolls of noise
 o - a scroll of recharging
Potions
 a - 4 potions of curing
Comestibles
 f - 3 bread rations


   Skills:
 - Level 1.5 Fighting
 * Level 5.3 Throwing
 - Level 1.5 Dodging
 - Level 0.4 Stealth
 * Level 4.2 Unarmed Combat


You had 5 spell levels left.
You didn't know any spells.

Dungeon Overview and Level Annotations

Branches:
Dungeon (3/15)

Altars:
Elyvilon
Trog


Innate Abilities, Weirdness & Mutations

You are too large for most types of armour.
You have claws for hands.
Your metabolism is lightning-fast.
You like to eat raw meat.
Your natural rate of healing is unusually fast.
You are covered in fur. (AC +1)
You have very tough skin. (AC +2)
Your mind is acute. (Int +2)
You occasionally shout uncontrollably at your foes.
Your muscles are strong. (Str +2)


Message History

No target in view!
You see here a kobold corpse.
Found a stone staircase leading down.
j - 2 scrolls of noise (gained 1)
Found a faded altar of an unknown god.
A bat comes into view.
Found 20 arrows.
Found 20 bolts.
Found a cloak.
Found 5 gold pieces.
There is a faded altar of an unknown god here.
You cannot tell which god this altar belongs to.
Convert to them anyway?
Elyvilon accepts your prayer! Elyvilon welcomes you!
You can now provide lesser healing for yourself.
You can now call on Elyvilon to save your life.
Found a shiny helmet.
You now have 53 gold pieces (gained 5).
The bat is too close now for your liking.
Are you sure you want to abandon this character and quit the game? (Confirm with "yes".)

####+#### ........# ........#
.......(#... ........##.#
.....b..##.# #.@##.#
##########.##.######
#...(...##..#.#....# .
#.......###.#.#....# #
#.......###...#....## #
#.....(.#...........### #
#######[.........#..###.....# ##
....[........#...#..........####.
............#_#....>.........†...


You could see a bat.

Vanquished Creatures
  Sigmund (D:2)
  Natasha (twice) (D:2)
  Robin (D:2)
  2 adders (D:2)
  A worm (D:2)
  3 dart slugs
  13 goblins
  8 hobgoblins
  4 jackals (D:1)
  7 kobolds
  A quokka (D:2)
  6 bats
  A giant newt (D:1)
  4 rats
54 creatures vanquished.

Notes
Turn   | Place    | Note
-------+----------+-------------------------------------------
     0 | D:1      | MrRokkomies the Troll Hunter began the quest for the Orb.
     0 | D:1      | Reached XP level 1. HP: 19/19 MP: 0/0
    44 | D:1      | Reached skill level 1 in Unarmed Combat
    93 | D:1      | Reached XP level 2. HP: 27/27 MP: 1/1
   417 | D:1      | Reached skill level 4 in Throwing
   726 | D:2      | Noticed Sigmund
   733 | D:2      | Killed Sigmund
   733 | D:2      | Reached skill level 5 in Throwing
   733 | D:2      | Reached XP level 3. HP: 22/33 MP: 2/2
   733 | D:2      | Reached XP level 4. HP: 28/41 MP: 3/3
   733 | D:2      | Reached XP level 5. HP: 33/48 MP: 4/4
   783 | D:2      | Noticed Robin
   807 | D:2      | Killed Robin
  1033 | D:2      | Noticed Natasha
  1041 | D:2      | Killed Natasha
  1098 | D:2      | Reached XP level 6. HP: 55/55 MP: 5/5
  1270 | D:2      | Noticed Natasha
  1277 | D:2      | Killed Natasha
  1376 | D:2      | Gained mutation: You occasionally shout uncontrollably at your foes. [potion of mutation]
  1376 | D:2      | Gained mutation: Your muscles are strong. (Str +2) [potion of mutation]
  1376 | D:2      | Gained mutation: Your mind is acute. (Int +2) [potion of mutation]
  1398 | D:3      | Found a bloodstained altar of Trog.
  1421 | D:3      | Found a faded altar of an unknown god.
  1436 | D:3      | Became a worshipper of Elyvilon the Healer
  1436 | D:3      | Reached * piety under Elyvilon
  1457 | D:3      | Quit the game

Vault maps used:
D:1:      erik_arrival_cave_to_civilisation, hangedman_abyss_or_decor_stabs,
          kennysheep_decorative_pillar, minmay_split_cup_small
D:2:      uniq_robin, uniq_sigmund, uniq_natasha
D:3:      nicolae_overflow_crystal_walls, ecumenical_altar_1, first_bread

Skill      XL: |  1  2  3  4  5 |
---------------+----------------+-----
Unarmed Combat | 1 3 4 |  4.2
Throwing       | 5 |  5.3
Fighting       | |  1.5
Dodging        | |  1.5
Stealth        | |  0.4

Action                   |  1- 3 |  4- 6 || total
-------------------------+-------+-------++-------
Melee: Unarmed           |    66 |    98 ||   164
       Punch             |       |     2 ||     2
  Use: Scroll            |       |     9 ||     9
       Potion            |       |     1 ||     1
  Eat: Chunk             |     9 |     6 ||    15
Armor: Robe              |    34 |    33 ||    67
Dodge: Dodged            |    45 |    44 ||    89
